 Dungeon Crawl Stone Soup version 0.18-b1-10-g3f7de93 (webtiles) character file.

87 juanjsm the Stinger (level 4, -3/21 HPs)
             Began as a Spriggan Venom Mage on Apr 29, 2016.
             Killed by divine providence
             ... invoked by an orc priest
              (12 damage)
             ... on level 3 of the Dungeon.
             The game lasted 00:11:59 (2017 turns).

juanjsm the Stinger (Spriggan Venom Mage)           Turns: 2017, Time: 00:12:01

Health: -3/21      AC:  2    Str:  4    XL:     4   Next: 28%
Magic:  6/9        EV: 19    Int: 17    God:
Gold:   109        SH:  0    Dex: 18    Spells: 3 memorised, 3 levels left

rFire  . . .     SeeInvis +     w - +2 dagger (drain)
rCold  . . .     Gourm    .     a - +0 robe
rNeg   . . .     Faith    .     (shield restricted)
rPois  .         Spirit   .     (helmet restricted)
rElec  .         Dismiss  .     (no cloak)
rCorr  .         Reflect  .     (gloves unavailable)
SustAt .         Harm     .     (boots unavailable)
MR     .....                    v - amulet of magic regeneration
Stlth  +++.......               d - +2 ring of dexterity
                                r - ring of wizardry

@: very quick, not resistant to hostile enchantments, fairly stealthy
A: unfitting armour, see invisible, herbivore 3, speed 3, slow metabolism 2
a: no special abilities


You were on level 3 of the Dungeon.
You were not hungry.

You visited 1 branch of the dungeon, and saw 4 of its levels.

You collected 109 gold pieces.

Inventory:

Hand Weapons
 e - a +1 hunting sling
 w - a +2 dagger of draining (weapon)
Missiles
 i - 51 stones (quivered)
 o - 41 sling bullets
Armour
 a - a +0 robe (worn)
Jewellery
 d - a +2 ring of dexterity (right hand)
 g - a cursed ring of teleportation {unknown}
 m - an uncursed amulet of guardian spirit
 r - a ring of wizardry (left hand)
 v - an amulet of magic regeneration (around neck)
Scrolls
 f - a scroll of identify
 p - a scroll of immolation
Potions
 l - a potion of flight
Books
 b - a Young Poisoner's Handbook

   Spells                             Type                      Level
   a - Sting                          Conjuration/Poison           1
   b - Cure Poison                    Poison                       2
   c - Mephitic Cloud                 Conjuration/Poison/Air       3
   d - Olgreb's Toxic Radiance        Poison                       4
   e - Venom Bolt                     Conjuration/Poison           5
Comestibles
 c - 2 bread rations


   Skills:
 + Level 0.4 Fighting
 + Level 1.0 Slings
 + Level 3.6 Dodging
 + Level 3.7 Stealth
 + Level 3.1 Spellcasting
 + Level 0.8 Conjurations
 + Level 0.1 Air Magic
 + Level 4.6 Poison Magic


You had 3 spell levels left.
You knew the following spells:

 Your Spells              Type           Power        Failure   Level  Hunger
a - Sting                 Conj/Pois      ##..         2%          1    None
b - Cure Poison           Pois           ###.......   1%          2    ##.....
c - Mephitic Cloud        Conj/Pois/Air  #.......     10%         3    ###....


Dungeon Overview and Level Annotations

Branches:
Dungeon (4/15)
 Temple: D:4-7

Altars:
Gozag

Annotations:
D:3 Shenda's ghost, weakling HOFi


Innate Abilities, Weirdness & Mutations

You are tiny and cannot use many weapons and most armour.
You have supernaturally acute eyesight.
You are a herbivore.
You cover ground extremely quickly.
You need consume almost no food.


Message History

You hit the giant cockroach.
You kill the giant cockroach!
Casting: Sting
Confirm with . or Enter, or press ? or * to list all spells.
Aiming: Sting
Press: ? - help, Shift-Dir - straight line, f - orc
Aim: an orc, wielding a flail The sting hits the orc.
The orc is poisoned.
The orc is lightly wounded.
The orc priest shouts!
The orc priest calls down the wrath of Beogh upon you.
Beogh smites you!
Ouch! That really hurt!
You hit the orc.
The orc is almost dead.
You kill the orc!
The orc priest invokes the aid of Beogh against you.
Beogh smites you!
Ouch! That really hurt!
You die...

##.....##.########.###....
.......).............#.##.
##.....##.#########..# #.
####..##.# #..# #.
......##.# #..# ##.
#.###.##.# ######.#.#..
#.#...##.# #......#.#..
######.#.#.##.#
#.####.#.#..
.........o.))@# #.#
#...#.. o.....o########
#.# ##..#.. .......
#.#####..#.. .o.o...
#........#.. .......
######.#.#.. ..s....
#....... ....... #.......
....... ..###..#....
.............


You could see an orc priest and an orc.

Vanquished Creatures
  3 adders (D:2)
  2 oozes
  A worm (D:2)
  A dart slug (D:1)
  7 orcs (D:3)
  4 bats
  2 giant cockroaches
  3 goblins
  5 hobgoblins
  3 jackals (D:1)
  3 kobolds
  A ball python (D:2)
  2 giant newts (D:2)
  2 rats (D:1)
39 creatures vanquished.

Notes
Turn   | Place    | Note
--------------------------------------------------------------
     0 | D:1      | juanjsm the Spriggan Venom Mage began the quest for the Orb.
     0 | D:1      | Reached XP level 1. HP: 9/9 MP: 5/5
   306 | D:1      | Reached XP level 2. HP: 10/13 MP: 4/6
   734 | D:1      | Learned a level 2 spell: Cure Poison
   821 | D:2      | Reached XP level 3. HP: 7/16 MP: 4/8
   827 | D:2      | Learned a level 3 spell: Mephitic Cloud
   999 | D:3      | Noticed Shenda's ghost (weakling HOFi)
  1489 | D:2      | Reached skill level 1 in Slings
  1684 | D:1      | Gained mutation: Your magical capacity is low (-10% MP). [potion of mutation]
  1684 | D:1      | Gained mutation: Your mind is acute. (Int +2) [potion of mutation]
  1685 | D:1      | Gained mutation: Potions and wands are less effective at restoring your health. [potion of mutation]
  1685 | D:1      | Lost mutation: Your mind is acute. (Int +2) [potion of mutation]
  1733 | D:1      | Lost mutation: Your magical capacity is low (-10% MP). [potion of cure mutation]
  1733 | D:1      | Lost mutation: Potions and wands are less effective at restoring your health. [potion of cure mutation]
  1785 | D:3      | Reached XP level 4. HP: 21/21 MP: 6/9
  1889 | D:3      | Found an opulent altar of Gozag.
  2017 | D:3      | Killed from afar by an orc priest

Skill      XL: |  1  2  3 |
---------------+----------+-----
Slings         | 1 |  1.0
Spellcasting   | 3 |  3.1
Fighting       | |  0.4
Dodging        | |  3.6
Stealth        | |  3.7
Conjurations   | |  0.8
Air Magic      | |  0.1
Poison Magic   | |  4.6

Action                   |  1- 3 |  4- 6 || total
-------------------------+-------+-------++-------
Melee: Unarmed           |    19 |       ||    19
       Dagger            |    27 |     7 ||    34
 Fire: Hunting sling     |    11 |       ||    11
 Cast: Sting             |    53 |    17 ||    70
       Cure Poison       |     2 |       ||     2
       Mephitic Cloud    |     2 |     2 ||     4
  Use: Scroll            |     7 |       ||     7
       Potion            |     7 |       ||     7
 Stab: Sleeping          |     8 |     2 ||    10
       Confused          |       |     1 ||     1
Armor: Robe              |    17 |       ||    17
Dodge: Dodged            |    85 |     3 ||    88
